 Dungeon Crawl Stone Soup version 0.30-a0-1016-gfb0d676c02 (webtiles) character file.

Game seed: 10312709200951249146

623 Arcadio the Covert (level 7, -2/42 HPs)
             Began as a Vampire Brigand on Apr 6, 2023.
             Was a Believer of Wu Jian.
             Slain by an orc warrior
             ... wielding a +0 hand axe
              (12 damage)
             ... on level 4 of the Dungeon.
             The game lasted 00:11:51 (3334 turns).

Arcadio the Covert (Vampire Brigand)                Turns: 3334, Time: 00:11:54

Health: -2/42      AC:  0    Str:  7 (10) XL:     7   Next: 22%
Magic:  5/7        EV: 22    Int: 11 (13) God:    Wu Jian [**....]
Gold:   254        SH:  0    Dex: 19 (23) Spells: 6/6 levels left

rFire   . . .      SeeInvis +    a - melded +2 dagger
rCold   + + .      Faith    .    (shield currently unavailable)
rNeg    + + +      Spirit   .    b - melded +0 robe
rPois   ∞          Reflect  .    (helmet currently unavailable)
rElec   .          Rampage  .    c - melded +0 cloak
rCorr   .                        (gloves currently unavailable)
Will    .....                    g - melded +0 pair of boots
Stlth   ++++++                   (no amulet)
HPRegen 0.00/turn                f - melded +4 ring of slaying
MPRegen 0.10/turn                (ring currently unavailable)

@: bat-form, flying, bloodless, inhibited regen, very quick
A: fast, flying, no casting, tiny, bloodless, fangs 3, see invisible, vampiric 2
a: Revivify, End Transformation, Renounce Religion, Wall Jump


You were on level 4 of the Dungeon.
You worshipped Wu Jian.
Wu Jian was pleased with you.
You were a vampire bat.
You visited 1 branch of the dungeon, and saw 4 of its levels.

You collected 254 gold pieces.

Inventory:

Hand Weapons
 a - a +2 dagger (melded)
 u - a +0 dagger of electrocution
Missiles
 d - 9 poisoned darts (quivered)
 e - 3 curare-tipped darts
Armour
 b - a +0 robe (melded)
 c - a +0 cloak (melded)
 g - a +0 pair of boots (melded)
Magical Staves
 n - a staff of poison
 w - a staff of earth
Jewellery
 f - a +4 ring of slaying (melded)
 l - an amulet of guardian spirit
 m - a ring of protection from fire
Wands
 k - a wand of light (6)
 p - a wand of flame (5)
 q - a wand of mindburst (15)
Scrolls
 h - 2 scrolls of magic mapping
 j - 2 scrolls of teleportation
 v - a scroll of enchant armour {unknown}
 x - a scroll of fear {unknown}
Potions
 i - 2 potions of haste
 o - 2 potions of heal wounds
 r - 3 potions of curing
 s - a potion of attraction
 t - a potion of mutation {unknown}


   Skills:
 + Level 3.9 Fighting
 + Level 4.8 Short Blades
 - Level 1.5 Throwing
 + Level 4.3 Dodging
 + Level 8.4 Stealth


You had 6 spell levels left.
You didn't know any spells.
Your spell library contained the following spells:

 Spells                   Type           Power      Damage    Failure   Level
 Freeze                   Ice            0%         1d3       34%         1
 Lesser Beckoning         Tloc           0%         N/A       47%         2
 Gell's Gravitas          Tloc           0%         N/A       71%         3
 Teleport Other           Tloc           0%         N/A       71%         3


Dungeon Overview and Level Annotations

Branches:
Dungeon (4/15) Zot: 20726
 Temple: D:4-7

Altars:
Hepliaklqana
Wu Jian

Annotations:
D:3 Crazy Yiuf


Innate Abilities, Weirdness & Mutations

You are a vampire bat.
You are tiny and dextrous.
You move quickly.
You are flying.
You are immune to poison.
Your equipment is almost entirely melded.
You are incapable of wielding weapons or throwing items.
You cannot cast spells.
You do not regenerate when monsters are visible.
You are frail without blood (-20% HP).
You can heal yourself when you bite living creatures.
You are immune to poison.
You have razor-sharp teeth.
You have supernaturally acute eyesight. (SInv)
You are afflicted with vampirism and can become a bat while bloodless.


Message History

The scorpion stings you!
You hit the scorpion.
The scorpion is lightly wounded.
The scorpion misses you.
You hit the scorpion.
The scorpion is lightly wounded.
The scorpion misses you.
You hit the scorpion.
The scorpion is moderately wounded.
You hit the scorpion.
The scorpion is moderately wounded.
The scorpion misses you.
You hit the scorpion.
The scorpion is heavily wounded.
The scorpion closely misses you.
You hit the scorpion.
The scorpion is severely wounded.
The scorpion closely misses you.
You hit the scorpion.
The scorpion is almost dead.
The scorpion stings you but does no damage.
You hit the scorpion but do no damage.
The scorpion is almost dead.
The scorpion stings you.
You puncture the scorpion!
You kill the scorpion!
The Council accepts your kill.
You feel your strength returning.
You hit the orc warrior but do no damage.
Your bite misses the orc warrior.
The orc warrior hits you with a +0 hand axe.
* * * LOW HITPOINT WARNING * * *
You turn into a vampire bat.
Your +2 dagger melds into your body.
Your +0 cloak melds into your body.
Your +0 pair of boots melds into your body.
Your +0 robe melds into your body.
Your +4 ring of slaying melds into your body.
You feel weakened.
You feel dopey.
You feel clumsy.
The orc warrior hits you with a +0 hand axe!
You die...

#..#.###..## ..#######..##
.###._.###..### ###..⌠..###...#
##.......##...## #?.......?##...#
#####.#..###.#.#
#.###..#.....gJ##################
.............rgob[...............
...#####.########################
...####..########
................##########
......###.###............#
....#.###.# #............#
###.#..##.# #............#
#.##.##.###............#
###......................#


You could see an orc warrior, a jelly, a quokka, a hobgoblin and a goblin.

Vanquished Creatures
  Grinder (D:3)
  Eustachio (D:4)
  A scorpion (D:4)
  A hound (D:4)
  2 orc priests
  5 adders
  2 dart slugs
  11 orcs
  4 ball pythons
  3 endoplasms
  2 giant cockroaches
  6 goblins
  4 hobgoblins
  10 jackals
  5 quokkas
  4 bats
  3 frilled lizards (D:2)
  4 kobolds
  2 rats
71 creatures vanquished.

Notes
Turn   | Place    | Note
-------+----------+-------------------------------------------
     0 | D:1      | Arcadio the Vampire Brigand began the quest for the Orb.
     0 | D:1      | Reached XP level 1. HP: 16/16 MP: 1/1
    56 | D:1      | Reached skill level 6 in Stealth
   103 | D:1      | Reached XP level 2. HP: 22/22 MP: 2/2
   279 | D:1      | Found a faded altar of an unknown god.
   301 | D:1      | Got Plato's Opusculum on Frostbite
   330 | D:1      | Prayed at the altar of an unknown god.
   330 | D:1      | Became a worshipper of the Wu Jian Council
   330 | D:1      | Reached * piety under Wu Jian
   481 | D:1      | You fall into a shaft and drop 1 floor!
   662 | D:2      | Gained mutation: You are afflicted with vampirism and can
                  | become a bat while bloodless. [Vampire growth]
   662 | D:2      | Reached XP level 3. HP: 27/27 MP: 3/3
  1388 | D:3      | Noticed Grinder
  1390 | D:3      | Killed Grinder
  1391 | D:3      | Reached skill level 7 in Stealth
  1391 | D:3      | Reached XP level 4. HP: 28/28 MP: 4/4
  1391 | D:3      | Reached XP level 5. HP: 32/32 MP: 5/5
  1402 | D:3      | Reached XP level 6. HP: 37/37 MP: 6/6
  1508 | D:3      | Reached ** piety under Wu Jian
  2065 | D:3      | Found a runed translucent door.
  2066 | D:3      | Noticed Crazy Yiuf
  3074 | D:4      | Noticed Eustachio
  3192 | D:4      | Killed Eustachio
  3193 | D:4      | Reached skill level 8 in Stealth
  3193 | D:4      | Reached XP level 7. HP: 37/42 MP: 7/7
  3308 | D:4      | Found a hazy altar of Hepliaklqana.
  3334 | D:4      | Slain by an orc warrior

Illustrated notes

Levels and vault maps discovered:
D:1:      erik_arrival_cave_to_civilisation [erik_arrival_cave_to_hall],
          layout_loops_ring, shapermc_ecumenical_altar_rom_forum
D:2:      minmay_door_path, layout_basic
D:3:      layout_loops_ring, uniq_grinder, uniq_crazy_yiuf_cottage
D:4:      layout_basic, zin_statuary, minmay_ruined_shrine, uniq_eustachio

Skill      XL: |  1  2  3  4  5  6 |
---------------+-------------------+-----
Stealth        | 6 7 8 |  8.4
Fighting       | 2 3 |  3.9
Dodging        | 3 4 |  4.3
Short Blades   | 3 4 |  4.8
Throwing       | |  1.5

Action                     |  1- 3 |  4- 6 |  7- 9 || total
---------------------------+-------+-------+-------++-------
  Melee: Dagger            |    55 |    97 |    24 ||   176
         Bite              |     4 |     8 |       ||    12
         Punch             |       |     3 |       ||     3
Ability: Lunge             |    16 |     8 |     3 ||    27
         Whirlwind         |     1 |     9 |     1 ||    11
         Exsanguinate      |     1 |       |       ||     1
         Bat Form          |       |     1 |     1 ||     2
         End Transformatio |       |     1 |       ||     1
         Wall Jump         |       |       |     1 ||     1
    Use: Scroll            |     4 |     2 |       ||     6
   Stab: Sleeping          |    13 |     8 |       ||    21
 Armour: Robe              |     6 |    17 |     5 ||    28
  Dodge: Dodged            |    27 |    62 |    24 ||   113

Table legend: (Time is in decaauts)
 A = Elapsed time spent in this place.
 B = Non-inter-level travel time spent in this place.
 C = Inter-level travel time spent in this place.
 D = Time resting spent in this place.
 E = Time spent auto-exploring this place.
 F = Levels seen in this place.
 G = Mean time per level.
                   A        B        C        D        E       F      G
               +--------+--------+--------+--------+--------+-----+--------+
         Total |   3272 |   3172 |    100 |    359 |   2004 |   4 |  818.0 |
       Dungeon |   3272 |   3172 |    100 |    359 |   2004 |   4 |  818.0 |
               +--------+--------+--------+--------+--------+-----+--------+

Top non-repeatable levels by time:
     D:2: 1159 daAuts
     D:3: 885 daAuts
     D:4: 749 daAuts
     D:1: 478 daAuts
